 Dungeon Crawl Stone Soup version 0.31-a0-986-g5e6e4ef867 (webtiles) character file.

Game seed: 5663061383995315290

84 oldriver the Changeling (level 4, 0/33 HPs)
             Began as a Merfolk Shapeshifter on Nov 23, 2023.
             Slain by an orc
             ... wielding a +0 trident
              (2 damage)
             ... on level 3 of the Dungeon.
             The game lasted 00:03:00 (2032 turns).

oldriver the Changeling (Merfolk Shapeshifter)      Turns: 2032, Time: 00:03:02

Health: 0/33       AC:  2    Str: 16    XL:     4   Next: 45%
Magic:  4/4        EV: 13    Int:  9    God:
Gold:   107        SH:  0    Dex: 13    Spells: 3/3 levels left

rFire   . .          .
                       - Unarmed
rCold   . . .        (no shield)
rNeg    . . .        a - +0 animal skin
rPois   .            (helmet currently unavailable)
rElec   .            (cloak currently unavailable)
rCorr   .            (gloves currently unavailable)
SInv    .            (boots currently unavailable)
Will    .....        h - amulet of magic regeneration
Stlth   ++           (no ring)
HPRegen 0.25/turn    (no ring)
MPRegen 0.49/turn

%: no passive effects
@: beast-form
A: beast (slay +2), (nimble swimmer 2), mertail
a: Begin Untransformation


You were on level 3 of the Dungeon.
You were a hulking beast.
You visited 1 branch of the dungeon, and saw 3 of its levels.

You collected 107 gold pieces.

Inventory:

Armour
 a - a +0 animal skin (worn)
Jewellery
 h - an amulet of magic regeneration (around neck)
Talismans
 c - a beast talisman
 d - a flux talisman
Scrolls
 e - a scroll of teleportation {unknown}
 f - a scroll of amnesia {unknown}
 j - a scroll of identify {unknown}
 l - a scroll of enchant armour {unknown}
Potions
 b - a potion of lignification
 g - 2 potions of resistance {unknown}
 i - a potion of degeneration {unknown}
 k - 3 potions of curing {unknown}
 m - a potion of invisibility {unknown}


   Skills:
 + Level 2.0 Fighting
 + Level 3.5 Dodging
 + Level 1.5 Stealth
 * Level 4.2 Unarmed Combat
 + Level 4.4 Shapeshifting


You had 3 spell levels left.
You didn't know any spells.
Your spell library contained the following spells:

 Spells                   Type           Power      Damage    Failure   Level
 Cigotuvi's Dreadful Rot  Necr/Pois/Air  0%         N/A       52%         2
 Scorch                   Fire           0%         2d5       52%         2
 Static Discharge         Conj/Air       0%         3-3/arc   52%         2
 Call Canine Familiar     Summ           0%         N/A       77%         3
 Ignite Poison            Fire/Tmut/Pois 0%         N/A       77%         3
 Sigil of Binding         Hex            0%         N/A       77%         3
 Airstrike                Air            0%         2d(0-16)  99%         4
 Dimensional Bullseye     Hex/Tloc       0%         N/A       99%         4
 Flame Wave               Conj/Fire      0%         2d4       99%         4
 Leda's Liquefaction      Hex/Erth       0%         N/A       99%         4
 Summon Lightning Spire   Summ/Air       0%         N/A       99%         4
 Freezing Cloud           Conj/Ice/Air   0%         6-21      100%        5
 Summon Cactus Giant      Summ           0%         N/A       100%        6
 Malign Gateway           Summ/Tloc      0%         N/A       100%        7
 Summon Horrible Things   Summ           0%         N/A       100%        8


Dungeon Overview and Level Annotations

Branches:
Dungeon (3/15)

Altars:


Innate Abilities, Weirdness & Mutations

You are a hulking beast.
Your limbs bulge with bestial killing power. (Slay +2)
((You are very nimble when in or above water. (Stealth+, EV+, Speed+++)))
Your lower body shifts to a powerful aquatic tail in water.


Message History

An orc comes into view. It is wielding a +0 trident.
The jackal bites you but does no damage.
There is an escape hatch in the floor here.
The jackal attacks as it pursues you! The jackal closely misses you.
The jackal bites you. The jackal bites you.
You barely miss the jackal. The jackal barely misses you.
You hit the jackal.
The jackal is severely wounded.
The jackal bites you.
You barely miss the jackal.
The jackal is severely wounded.
The jackal barely misses you.
You punch the jackal!
You kill the jackal!
Something hits you but does no damage.
You punch something!
You hear some strange, mumbled words.
A magic dart appears from out of thin air!
The magic dart hits you!
The orc hits you from afar with a +0 trident!
You are too injured to fight recklessly!
You are too injured to fight recklessly!
You are too injured to fight recklessly!
You are too injured to fight recklessly!
You are too injured to fight recklessly!
You are too injured to fight recklessly!
You are too injured to fight recklessly!
You are too injured to fight recklessly!
You are too injured to fight recklessly!
You barely miss something. Something hits you.
The orc hits you from afar with a +0 trident.
* * * LOW HITPOINT WARNING * * *
You hit something but do no damage.
You hear some strange, mumbled words.
A puff of flame appears from out of thin air!
The puff of flame hits you.
* * * LOW HITPOINT WARNING * * *
The orc hits you from afar with a +0 trident.
You die...

#....#...#.#
#....#.....#..#
#......o......#
#...†#.#.#.#..#
#....#>#.#
#...†#o#.#
#....#o#o#
###.##{#.o
#.##h#.#
##.##.#..
#...#.# #...#..
#...#### #...#
#...########
####...........
#......########


You could see an orc priest (wandering) and 2 orcs.

Vanquished Creatures
  Terence (D:2)
  An adder (D:3)
  A dart slug (D:2)
  5 ball pythons
  An endoplasm (D:1)
  4 giant cockroaches
  5 goblins
  2 hobgoblins
  8 jackals
  2 kobolds (D:1)
  A quokka (D:2)
  7 bats
  A frilled lizard (D:2)
  2 rats
41 creatures vanquished.

Notes
Turn   | Place    | Note
-------+----------+-------------------------------------------
     0 | D:1      | oldriver the Merfolk Shapeshifter began the quest for the
                  | Orb.
     0 | D:1      | Reached XP level 1. HP: 15/15 MP: 1/1
   252 | D:1      | Reached XP level 2. HP: 21/21 MP: 2/2
   308 | D:1      | Reached skill level 1 in Stealth
   989 | D:2      | Reached XP level 3. HP: 26/26 MP: 3/3
  1120 | D:2      | Noticed Terence
  1126 | D:2      | Killed Terence
  1230 | D:2      | Reached XP level 4. HP: 33/33 MP: 4/4
  2032 | D:3      | Slain by an orc

Illustrated notes

Levels and vault maps discovered:
D:1:      beargit_arrival_greenhouse, layout_loops_corners, roderic_lattice_a,
          serial_bayou_pond_d
D:2:      layout_basic, uniq_terence
D:3:      layout_basic, dreamdust_ecumenical_altar_grove

Skill      XL: |  1  2  3  4 |
---------------+-------------+-----
Dodging        | 3 |  3.5
Stealth        | 1 |  1.5
Unarmed Combat | 4 |  4.2
Fighting       | 2 |  2.0
Shapeshifting  | |  4.4

Action                     |  1- 3 |  4- 6 || total
---------------------------+-------+-------++-------
  Melee: Unarmed           |    79 |    38 ||   117
         Punch             |     3 |       ||     3
   Stab: Sleeping          |     4 |     3 ||     7
         Distracted        |     1 |       ||     1
 Armour: Animal skin       |    36 |    23 ||    59
  Dodge: Dodged            |    61 |    17 ||    78

Table legend: (Time is in decaauts)
 A = Elapsed time spent in this place.
 B = Non-inter-level travel time spent in this place.
 C = Inter-level travel time spent in this place.
 D = Time resting spent in this place.
 E = Time spent auto-exploring this place.
 F = Levels seen in this place.
 G = Mean time per level.
                   A        B        C        D        E       F      G
               +--------+--------+--------+--------+--------+-----+--------+
         Total |   2023 |   1954 |     69 |     46 |   1617 |   3 |  674.3 |
       Dungeon |   2023 |   1954 |     69 |     46 |   1617 |   3 |  674.3 |
               +--------+--------+--------+--------+--------+-----+--------+

Top non-repeatable levels by time:
     D:2: 913 daAuts
     D:1: 886 daAuts
     D:3: 223 daAuts
